 Dungeon Crawl Stone Soup version 0.13-a0-2301-g23820b6 (webtiles) character file.

7517 Egregious the Brawler (level 10, -14/72 HPs)
             Began as a Purple Draconian Transmuter on July 4, 2013.
             Was an Initiate of Ashenzari.
             Killed from afar by smajdalf's ghost (33 damage)
             ... with a bolt of magma
             ... on Level 1 of the Lair of Beasts on July 8, 2013.
             The game lasted 02:08:04 (16152 turns).

Egregious the Brawler (DrTm)                       Turns: 16152, Time: 02:08:04

HP -14/72        AC 18     Str 16      XL: 10   Next: 86%
MP  14/16        EV 15     Int 14      God: Ashenzari [......]
Gold 357         SH  0     Dex 11      Spells:  2 memorised, 10 levels left

Res.Fire  : . . .   See Invis. : .     - Unarmed
Res.Cold  : . . .   Warding    : .   (armour unavailable)
Life Prot.: . . .   Conserve   : .   (no shield)
Res.Poison: .       Res.Corr.  : .   (helmet restricted)
Res.Elec. : .       Clarity    : .   B - +2 cloak
Sust.Abil.: . .     Spirit.Shd : .   I - +2 pair of orc gloves
Res.Mut.  : .       Stasis     : .   (no boots)
Res.Rott. : .       Flight     : .   (no amulet)
Saprovore : . . .                    e - cursed +4 ring of evasion
                                     A - +5 ring of protection

@: drained, quite resistant to hostile enchantments, unstealthy
A: breathe power, unfitting armour, AC +7
a: Breathe Dispelling Energy, Renounce Religion


You were on level 1 of the Lair of Beasts.
You worshipped Ashenzari.
Ashenzari was pleased with you.
You were not hungry.

You visited 3 branches of the dungeon, and saw 11 of its levels.

You collected 337 gold pieces.

Inventory:

Missiles
 b - 28 arrows
 i - 19 arrows of frost
 y - 20 stones (quivered)
 F - a throwing net
Armour
 B - a +2 cloak (worn)
 I - a +2 pair of orcish gloves (worn)
Magical devices
 n - a wand of fire (3)
 p - a wand of fire (0)
 s - a wand of confusion (15)
 C - a wand of teleportation (1)
 G - a wand of magic darts (5)
Comestibles
 E - 2 chunks of iguana flesh
 H - a meat ration
Scrolls
 c - 4 scrolls of teleportation
 g - 2 scrolls of remove curse
 o - a scroll of enchant weapon II
 u - 2 scrolls of identify
 v - a scroll of curse weapon
 w - 2 scrolls of fog
 D - a scroll of amnesia
Jewellery
 e - a cursed +4 ring of evasion (right hand)
 q - a cursed ring of teleportation
 A - a +5 ring of protection (left hand)
Potions
 h - a potion of flight {unknown}
 j - a potion of curing
 k - 2 potions of agility
 m - 2 potions of brilliance
 r - a potion of restore abilities {unknown}
 t - a potion of might {unknown}
 x - 2 potions of poison {unknown}
 z - a potion of magic {unknown}
Books
 d - a book of Changes

   Spells                             Type                      Level
   *Beastly Appendage                 Transmutation                1
   *Sticks to Snakes                  Transmutation                2
   Spider Form                        Transmutation/Poison         3
   Ice Form                           Ice/Transmutation            4
   Blade Hands                        Transmutation                5
Miscellaneous
 a - a fan of gales


   Skills:
 - Level 1.1(0.0) Fighting
 - Level 1.7(0.6) Dodging
 - Level 15.2(13.7) Unarmed Combat
 - Level 2.4(1.3) Spellcasting
 * Level 5.9(4.7) Transmutations


You had 10 spell levels left.
You knew the following spells:

 Your Spells              Type           Power        Failure   Level  Hunger
a - Beastly Appendage     Trmt           ##....       3%          1    ##.....
b - Sticks to Snakes      Trmt           ##........   6%          2    ###....


Dungeon Overview and Level Annotations

Branches:
Dungeon (9/27)             Temple (1/1) D:6             Orc (0/4) D:9
   Lair (1/8) D:9

Altars:
Ashenzari
Cheibriados
Elyvilon
Fedhas
Kikubaaqudgha
Makhleb
Nemelex Xobeh
Okawaru
Sif Muna
Trog
Vehumet
Xom
Yredelemnul
Zin
the Shining One

Shops:
D:6: [

Annotations
D:1 exclusion: door
D:5 Blork the orc; Bruce's ghost, average HEIE
Lair:1 exclusion: oklob plant, smajdalf's ghost, powerful DrCj


Message History

Press: ? - help, Shift-Dir - straight line, f - smajdalf's ghost
Aim: smajdalf's ghost (heavily damaged)
The bolt of fire hits smajdalf's ghost.
Smajdalf's ghost is heavily damaged.
Smajdalf's ghost hits your ball python.
There is a sudden explosion of sparks!
Your ball python dies!
Your ball python bites smajdalf's ghost but does no damage.
Evoke which item? (* to show all) (? for menu, Esc to quit)
Zapping:
n - a wand of fire {zapped: 6}
Press: ? - help, Shift-Dir - straight line, f/p - smajdalf's ghost
Aim: smajdalf's ghost (heavily damaged)
The bolt of fire hits smajdalf's ghost.
Smajdalf's ghost is almost destroyed.
Your ball python bites smajdalf's ghost but does no damage.
You closely miss smajdalf's ghost.
Smajdalf's ghost is almost destroyed.
Smajdalf's ghost points at you and mumbles some strange words.
The bolt of magma hits you!
Your scroll of enchant armour catches fire!
You die...

########.........###
#f...........
##........$...
#.#.....###.#
###.....# #.....##
### ##.....f#
#.####f.....##
##....@......#
####.p..###..#
#..S..# ...# #....|#
.... #..*..# ...
#.#......
#.##.....>. #.
#....... # ........#


You could see smajdalf's ghost and a friendly ball python.

Vanquished Creatures
  The ghost of ilii the Grappler, an experienced TrMo of Yredelemnul (D:8)
  Pikel (D:7)
  2 wyverns (D:9)
  3 sharks (D:9)
  2 hippogriffs
  3 ice beasts
  2 slaves (D:7)
  6 orc warriors
  A phantom (D:5)
  3 sky beasts
  A giant goldfish (D:9)
  5 centaurs
  A yellow wasp (D:9)
  2 ogres
  7 giant frogs
  A giant frog skeleton (D:4)
  An agate snail (D:8)
  A manticore skeleton (D:9)
  A jellyfish (D:9)
  15 killer bees
  An electric eel (D:9)
  6 crimson imps
  A black bear zombie (D:9)
  7 orc priests
  3 hounds
  12 orc wizards
  A scorpion (D:8)
  A water moccasin skeleton (D:7)
  4 iguanas
  4 jellies
  7 worker ants
  An ogre zombie (D:6)
  Ijyb (D:5)
  2 ogre skeletons (D:5)
  2 worker ant zombies
  10 adders
  3 gnolls (D:4)
  6 green rats (Lair:1)
  A goliath beetle zombie (D:8)
  A giant mite (D:2)
  7 worms
  An adder skeleton (D:9)
  An adder zombie (D:9)
  4 giant eyeballs
  42 orcs
  A ball python (D:7)
  24 bats
  6 giant cockroaches
  11 goblins
  16 hobgoblins
  8 jackals
  15 kobolds
  6 quokkas
  3 giant geckos
  9 giant newts
  A kobold skeleton (D:4)
  An orc zombie (D:8)
  19 rats
  2 rat zombies
  A plant (D:9)
311 creatures vanquished.

Vanquished Creatures (collateral kills)
  A troll (D:9)
  An orc warrior (D:8)
  A killer bee (D:9)
  A jellyfish (D:9)
  A crimson imp (D:8)
  An iguana (D:4)
  A worker ant (D:4)
  A gnoll (D:4)
  An iguana zombie (D:5)
  2 orcs (D:5)
  A bat (D:3)
  A rat (D:7)
13 creatures vanquished.

Vanquished Creatures (others)
  A scorpion (D:6)
  A giant cockroach (D:7)
  A hobgoblin (D:1)
  2 giant newts
  A rat skeleton (D:5)
6 creatures vanquished.

Grand Total: 330 creatures vanquished

Notes
Turn   | Place    | Note
--------------------------------------------------------------
     0 | D:1      | Egregious, the Draconian Transmuter, began the quest for the Orb.
     0 | D:1      | Reached XP level 1. HP: 16/16 MP: 1/1
   373 | D:1      | Reached XP level 2. HP: 23/23 MP: 0/3
  1608 | D:1      | Learned a level 2 spell: Sticks to Snakes
  1641 | D:2      | Reached XP level 3. HP: 13/28 MP: 4/4
  2284 | D:2      | Found a burning altar of Makhleb.
  2284 | D:2      | Noticed a cacodemon
  2555 | D:3      | Reached XP level 4. HP: 7/35 MP: 4/6
  3606 | D:3      | Found a glowing golden altar of the Shining One.
  3995 | D:4      | Reached skill level 4 in Unarmed Combat
  4418 | D:4      | Reached XP level 5. HP: 25/40 MP: 7/7
  4736 | D:4      | Reached skill level 5 in Transmutations
  5154 | D:4      | Upgraded the game from 0.13-a0-2236-g7be3fc8 to 0.13-a0-2244-g236abbe
  5154 | D:4      | Upgraded the game from 0.13-a0-2244-g236abbe to 0.13-a0-2261-g830e84e
  5160 | D:5      | Entered Level 5 of the Dungeon
  5165 | D:5      | Noticed Blork the orc
  5190 | D:5      | Noticed a phantom
  5269 | D:5      | Noticed Ijyb
  5284 | D:5      | Killed Ijyb
  5284 | D:5      | Reached XP level 6. HP: 42/47 MP: 2/9
  5391 | D:5      | Noticed a centaur
  5409 | D:5      | Killed a centaur
  5902 | D:5      | Reached skill level 5 in Unarmed Combat
  6361 | D:5      | Killed a phantom
  6436 | D:5      | Your scales start taking on a rich purple colour.
  6436 | D:5      | Reached XP level 7. HP: 32/52 MP: 11/11
  6445 | D:5      | Noticed Bruce's ghost (average HEIE)
  6893 | D:5      | Noticed a sky beast
  6910 | D:5      | Killed a sky beast
  6910 | D:5      | Reached skill level 6 in Unarmed Combat
  7319 | D:6      | Reached skill level 7 in Unarmed Combat
  7642 | D:6      | Found Cutypsas' Antique Armour Shop.
  7976 | D:6      | Found a staircase to the Ecumenical Temple.
  8074 | Temple   | Entered the Ecumenical Temple
  8211 | Temple   | Became a worshipper of Ashenzari the Shackled
  8639 | D:6      | Upgraded the game from 0.13-a0-2261-g830e84e to 0.13-a0-2281-ge1c0d72
  8669 | D:7      | Reached skill level 8 in Unarmed Combat
  8669 | D:7      | Reached XP level 8. HP: 60/60 MP: 12/12
  9093 | D:7      | Reached skill level 9 in Unarmed Combat
  9346 | D:7      | Reached skill level 10 in Unarmed Combat
  9910 | D:7      | Reached XP level 9. HP: 56/66 MP: 14/14
 10437 | D:7      | Noticed Pikel
 10454 | D:7      | Killed Pikel
 10454 | D:7      | Reached skill level 11 in Unarmed Combat
 10856 | D:8      | Found a basalt altar of Yredelemnul.
 10962 | D:8      | Noticed ilii's ghost (experienced TrMo)
 11201 | D:8      | Killed ilii's ghost
 11201 | D:8      | Reached skill level 12 in Unarmed Combat
 11572 | D:8      | Paralysed by a giant eyeball for 2 turns
 11588 | D:8      | Reached skill level 13 in Unarmed Combat
 12187 | D:8      | Reached XP level 10. HP: 42/72 MP: 16/16
 12408 | D:9      | Paralysed by a giant eyeball for 3 turns
 13092 | D:9      | Found a radiant altar of Vehumet.
 13171 | D:9      | Found a staircase to the Lair.
 13694 | D:9      | Reached skill level 14 in Unarmed Combat
 15229 | D:9      | Paralysed by a giant eyeball for 4 turns
 15357 | D:9      | Reached skill level 15 in Unarmed Combat
 15625 | D:9      | Found a staircase to the Orcish Mines.
 15758 | D:9      | Upgraded the game from 0.13-a0-2281-ge1c0d72 to 0.13-a0-2301-g23820b6
 15760 | Lair:1   | Entered Level 1 of the Lair of Beasts
 15879 | Lair:1   | Noticed an oklob plant
 16121 | Lair:1   | Noticed smajdalf's ghost (powerful DrCj)
 16152 | Lair:1   | Killed from afar by smajdalf's ghost

Action                   |  1- 3 |  4- 6 |  7- 9 | 10-12 || total
-------------------------+-------+-------+-------+-------++-------
Melee: Unarmed           |   189 |   319 |   539 |   378 ||  1425
Throw: Stone             |       |       |       |     1 ||     1
 Cast: Beastly Appendage |     1 |     1 |       |       ||     2
       Sticks to Snakes  |     1 |    13 |    19 |    39 ||    72
 Abil: Breathe Dispellin |       |       |     6 |       ||     6
Evoke: Wand              |       |     4 |    18 |     8 ||    30
  Use: Scroll            |    10 |     5 |    10 |       ||    25
       Potion            |       |       |     1 |     1 ||     2
 Stab: Confused          |       |     2 |       |       ||     2
       Distracted        |       |     1 |       |     1 ||     2
